 Dungeon Crawl Stone Soup version 0.17.1-3-g152610e (webtiles) character file.

231 Jerry the Conjurer (level 6, 0/36 HPs)
             Began as an Octopode Wizard on Mar 16, 2016.
             Slain by a worker ant (7 damage)
             ... on level 4 of the Dungeon.
             The game lasted 00:16:25 (4682 turns).

Jerry the Conjurer (Octopode Wizard)                Turns: 4682, Time: 00:16:25

Health: 0/36       AC:  1    Str:  6    XL:     6   Next: 3%
Magic:  3/10       EV: 12    Int: 22    God:
Gold:   121        SH:  0    Dex: 11    Spells: 2 memorised, 7 levels left

rFire  . . .     SeeInvis .     s - +1 dagger (elec)
rCold  . . .     Clarity  .     (no shield)
rNeg   . . .     SustAt   .     a - +0 hat
rPois  .         Gourm    .     (no amulet)
rElec  .         Spirit   .     n - ring of flight
rCorr  .         Warding  .     p - ring of wizardry
rMut   .         Stasis   .     (no ring)
MR     .....                    (no ring)
Stlth  +++.......               (no ring)
                                (no ring)
                                (no ring)
                                (no ring)

@: not resistant to hostile enchantments, fairly stealthy
A: almost no armour, amphibious, 8 rings, constrict 8, camouflage 1, gelatinous
body 1
a: Evoke Flight


You were on level 4 of the Dungeon.
You were not hungry.

You visited 1 branch of the dungeon, and saw 4 of its levels.

You collected 121 gold pieces.

Inventory:

Hand Weapons
 s - a +1 dagger of electrocution (weapon)
Armour
 a - a +0 hat (worn)
Jewellery
 n - a ring of flight (left tentacle)
 p - a ring of wizardry (right tentacle)
Scrolls
 d - a scroll of amnesia {unknown}
 e - 2 scrolls of magic mapping {unknown}
 g - 4 scrolls of remove curse {unknown}
 h - 3 scrolls of teleportation {unknown}
 i - a scroll of enchant weapon {unknown}
 j - a scroll of blinking {unknown}
 o - 2 scrolls of identify {unknown}
Potions
 f - 2 potions of brilliance {unknown}
 k - a potion of curing {unknown}
Books
 b - a book of Minor Magic

   Spells                             Type                      Level
   a - Magic Dart                     Conjuration                  1
   b - Blink                          Translocation                2
   c - Call Imp                       Summoning                    2
   d - Repel Missiles                 Charms/Air                   2
   e - Slow                           Hexes                        2
   f - Conjure Flame                  Conjuration/Fire             3
   g - Mephitic Cloud                 Conjuration/Poison/Air       3
Comestibles
 c - 2 bread rations
 m - a meat ration
 q - a beef jerky


   Skills:
 - Level 2.0 Dodging
 - Level 2.6 Stealth
 - Level 3.0 Spellcasting
 + Level 5.3 Conjurations
   Level 1.0 Summonings
   Level 1.0 Translocations
 - Level 1.2 Air Magic
 - Level 1.3 Poison Magic


You had 7 spell levels left.
You knew the following spells:

 Your Spells              Type           Power        Failure   Level  Hunger
a - Magic Dart            Conj           ####         1%          1    None
b - Mephitic Cloud        Conj/Pois/Air  ##......     6%          3    ###....


Dungeon Overview and Level Annotations

Branches:
Dungeon (4/15)
 Temple: D:4-7

Altars:


Innate Abilities, Weirdness & Mutations

You cannot wear most types of armour.
You are amphibious.
You can wear up to eight rings at the same time.
You can use your tentacles to constrict eight enemies at once.
Your skin changes colour to match your surroundings (Stealth).
Your rubbery body absorbs attacks (AC +1).


Message History

The worker ant is moderately wounded.
The worker ant bites you.
Casting: Magic Dart
Confirm with . or Enter, or press ? or * to list all spells.
Aiming: Magic Dart
Press: ? - help, Shift-Dir - straight line, f/p - worker ant
Aim: a worker ant (moderately wounded)
The magic dart hits the worker ant.
The worker ant is severely wounded.
The worker ant bites you.
* * * LOW HITPOINT WARNING * * *
Casting: Magic Dart
Confirm with . or Enter, or press ? or * to list all spells.
Aiming: Magic Dart
Press: ? - help, Shift-Dir - straight line, f/p - worker ant
Aim: a worker ant (severely wounded)
The magic dart hits the worker ant.
The worker ant is almost dead.
The worker ant bites you!
You die...

.o§......#.##########
..o§§###............#
... ####...#######.# .
#....#....<.##.# ##
#.#....#.##.##.# ...# ##
# #.#.##.##.##.# .....#.
#....#.##.##.#
.......#######...##.##.#
#a@..#....#........
####.#.##....#####. #.#
#.#"......# #. #.#.#
#...##....# #. #.#.#
###.....[.# #. #.#.#
#[##....#####. #.#.#
#[#####>......
########.#.# #<#
####.###
##.....##.#.#######.#
#.#


You could see a worker ant.

Vanquished Creatures
  An orc wizard (D:4)
  2 orc priests (D:4)
  5 adders
  3 gnolls (D:4)
  A worm (D:2)
  5 giant geckos
  2 giant cockroaches
  7 goblins
  5 hobgoblins
  8 jackals
  10 kobolds
  2 ball pythons
  4 bats
  2 giant newts
  6 rats
63 creatures vanquished.

Notes
Turn   | Place    | Note
--------------------------------------------------------------
     0 | D:1      | Jerry the Octopode Wizard began the quest for the Orb.
     0 | D:1      | Reached XP level 1. HP: 11/11 MP: 4/4
   888 | D:1      | Reached XP level 2. HP: 17/17 MP: 4/6
  1374 | D:1      | Reached XP level 3. HP: 21/21 MP: 4/7
  2425 | D:2      | Reached XP level 4. HP: 24/27 MP: 2/8
  2483 | D:2      | Learned a level 3 spell: Mephitic Cloud
  2941 | D:3      | Reached skill level 1 in Air Magic
  2941 | D:3      | Reached skill level 1 in Poison Magic
  3924 | D:4      | Reached skill level 4 in Conjurations
  3924 | D:4      | Reached XP level 5. HP: 6/31 MP: 0/9
  4374 | D:4      | Reached skill level 5 in Conjurations
  4585 | D:4      | Reached XP level 6. HP: 22/36 MP: 1/10
  4682 | D:4      | Slain by a worker ant

Action                   |  1- 3 |  4- 6 || total
-------------------------+-------+-------++-------
Melee: Unarmed           |     4 |       ||     4
       Dagger            |     2 |       ||     2
       Hunting sling     |       |     6 ||     6
 Fire: Hunting sling     |    17 |       ||    17
 Cast: Magic Dart        |    78 |    95 ||   173
       Mephitic Cloud    |       |     1 ||     1
  Eat: Chunk             |     4 |     2 ||     6
       Meat ration       |       |     1 ||     1
